 Dungeon Crawl Stone Soup version 0.29.1-1-gd02db6906a (webtiles) character file.

Game seed: 6286743854163333843

2989 CertainDeath the Cleaver (level 9, -10/84 HPs)
             Began as a Minotaur Gladiator on Sept 29, 2022.
             Was a Priest of Qazlal.
             Mangled by a slime creature (14 damage)
             ... on level 7 of the Dungeon on Sept 30, 2022.
             The game lasted 00:21:01 (7554 turns).

CertainDeath the Cleaver (Minotaur Gladiator)       Turns: 7554, Time: 00:21:02

Health: -10/84     AC: 19    Str: 22    XL:     9   Next: 53%
Magic:  13/13      EV: 12    Int:  5    God:    Qazlal [***...]
Gold:   581        SH:  3    Dex: 13    Spells: 8/8 levels left

rFire   . . .      SeeInvis .   a - +2 war axe (vorpal)
rCold   . . .      Faith    .   (no shield)
rNeg    . . .      Spirit   .   b - +6 ring mail "Ynitreec" {+Inv rC- Will++}
rPois   .          Reflect  .   c - +2 hat
rElec   .          Harm     .   u - +2 cloak
rCorr   .          Rampage  .   f - +2 pair of gloves
Will    +++..                   (no boots)
Stlth   +.........              (no amulet)
HPRegen 0.24/turn               m - ring of willpower
MPRegen 0.13/turn               s - ring of protection from cold

@: no status effects
A: horns 2, retaliatory headbutt
a: Renounce Religion, Evoke Invisibility, Upheaval, Elemental Force


You were on level 7 of the Dungeon.
You worshipped Qazlal.
Qazlal was most pleased with you.
You visited 1 branch of the dungeon, and saw 7 of its levels.

You collected 723 gold pieces.
You spent 142 gold pieces at shops.

Inventory:

Hand Weapons
 a - a +2 vorpal war axe (weapon)
Missiles
 d - 2 throwing nets (quivered)
 e - a javelin
 v - 7 poisoned darts
 I - a curare-tipped dart
Armour
 b - the +6 ring mail "Ynitreec" (worn) {+Inv rC- Will++}
   (You found it on level 5 of the Dungeon)

   rC:        It makes you vulnerable to cold.
   +Inv:      It lets you turn invisible.
   Will:      It greatly increases your willpower.
 c - a +2 hat (worn)
 f - a +2 pair of gloves (worn)
 u - a +2 cloak (worn)
 A - a +0 chain mail
Jewellery
 i - a +6 ring of dexterity
 m - a ring of willpower (left hand)
 s - a ring of protection from cold (right hand)
 z - an amulet of regeneration
 B - a ring of fire
 C - a ring of flight
 F - a ring of see invisible
 G - a ring of magical power
Scrolls
 h - 2 scrolls of immolation
 o - a scroll of vulnerability
 p - a scroll of fear
 r - 3 scrolls of amnesia
 t - 3 scrolls of teleportation
 y - 2 scrolls of blinking
 E - a scroll of magic mapping
Potions
 g - 2 potions of cancellation
 j - 2 potions of heal wounds
 k - 6 potions of haste
 l - 2 potions of resistance
 n - 3 potions of curing
 q - a potion of magic
 w - 2 potions of berserk rage
 x - 3 potions of attraction {unknown}
 D - 2 potions of mutation {unknown}
 H - a potion of invisibility {unknown}


   Skills:
 + Level 9.4 Fighting
 + Level 10.0 Axes
 - Level 2.0 Throwing
 - Level 1.4 Armour
 - Level 3.6 Dodging
 + Level 7.3 Invocations


You had 8 spell levels left.
You didn't know any spells.
Your spell library contained the following spells:

 Spells                   Type           Power      Damage    Failure   Level
 Summon Small Mammal      Summ           0%         N/A       65%         1
 Call Canine Familiar     Summ           0%         N/A       95%         3
 Summon Guardian Golem    Hex/Summ       0%         N/A       95%         3


Dungeon Overview and Level Annotations

Branches:
Dungeon (7/15)             Temple (0/1) D:6

Altars:
Fedhas
Kikubaaqudgha
Qazlal
Vehumet
Xom

Shops:
D:3 **[(?

Annotations:
D:4 1 runed translucent door, Rudyous's ghost, novice MiFi


Innate Abilities, Weirdness & Mutations

You have a pair of horns on your head.
You reflexively headbutt those who attack you in melee.


Message History

The green ugly thing is heavily wounded.
You hit the orc.
You feel extremely sick. The green ugly thing barely misses you.
You block the orc's attack.
You hit the green ugly thing. You headbutt the green ugly thing!
The green ugly thing is almost dead.
You barely miss the orc.
* * * LOW HITPOINT WARNING * * *
You feel extremely sick.
The green ugly thing engulfs you but does no damage.
A slime creature comes into view.
The orc hits you but does no damage.
You feel better.
The green ugly thing completely misses you.
The orc hits you but does no damage.
You slash the green ugly thing! You headbutt the green ugly thing.
You kill the green ugly thing!
Qazlal accepts your kill.
You slash the orc!
You kill the orc!
Qazlal accepts your kill.
Your Axes skill increases to level 10!
Your Invocations skill increases to level 7!
You hit the slime creature. You headbutt the slime creature.
The slime creature is lightly wounded.
You hear a shout!
The slime creature hits you.
* * * LOW HITPOINT WARNING * * *
You slash the slime creature!
The slime creature is heavily wounded.
The slime creature misses you. You furiously retaliate!
You headbutt the slime creature! You hit the slime creature.
You headbutt the slime creature.
The slime creature is severely wounded.
The slime creature hits you!
* * * LOW HITPOINT WARNING * * *
You slash the slime creature!
The slime creature is almost dead.
The slime creature hits you!
You die...

..<..#
♣...♣♣..♣
##.....#
♣.♣♣♣♣.♣♣.♣
#.###$#
♣♣♣...♣♣ ♣♣
..# .. ###
#♣.♣##### ..#
#
♣...♣...♣...♣
....
♣...#...♣
..##
♣♣♣#.#♣♣♣ ..
♣..†#)..♣
♣...♣@J.♣...♣
### #♣)♣# ###
..♣ .♣.♣
.♣♣.♣ .♣ ♣.♣
.♣ ♣.♣ .# ##


You could see a slime creature.

Vanquished Creatures
  An ugly thing (D:7)
  A steam dragon (D:7)
  Edmund (D:5)
  A water moccasin (D:5)
  An orc warrior (D:6)
  An ice beast (D:5)
  A sky beast (D:7)
  4 ogres
  A centaur (D:7)
  2 phantoms
  A kobold brigand (D:7)
  A bullfrog (D:6)
  4 necrophages
  3 wights
  A howler monkey (D:5)
  2 jellies (D:5)
  8 hounds
  A gnoll bouda (D:4)
  5 iguanas
  5 orc wizards
  7 adders
  10 gnolls
  2 shadow imps (D:5)
  2 white imps (D:6)
  3 dart slugs
  23 orcs
  4 ball pythons
  4 endoplasms
  5 giant cockroaches
  4 goblins
  3 hobgoblins (D:1)
  7 jackals
  5 kobolds
  4 quokkas
  11 bats
  A frilled lizard (D:1)
  4 rats
144 creatures vanquished.

Vanquished Creatures (others)
  A plant (D:3)
1 creature vanquished.

Grand Total: 145 creatures vanquished

Notes
Turn   | Place    | Note
-------+----------+-------------------------------------------
     0 | D:1      | CertainDeath the Minotaur Gladiator began the quest for the
                  | Orb.
     0 | D:1      | Reached XP level 1. HP: 18/18 MP: 0/0
   344 | D:1      | Reached XP level 2. HP: 8/25 MP: 1/1
   602 | D:1      | Reached skill level 4 in Axes
   610 | D:1      | Found a faded altar of an unknown god.
   743 | D:1      | Reached skill level 1 in Armour
  1452 | D:2      | Reached XP level 3. HP: 22/30 MP: 2/2
  1642 | D:2      | Found a stormy altar of Qazlal.
  1658 | D:2      | Became a worshipper of Qazlal Stormbringer
  2353 | D:4      | Found an ancient bone altar of Kikubaaqudgha.
  2398 | D:3      | Found Cescheasu's General Store.
  2401 | D:3      | Bought a potion of berserk rage for 60 gold pieces
  2412 | D:3      | Found a blossoming altar of Fedhas.
  2620 | D:3      | Found Hevije's Antique Armour Shoppe.
  2928 | D:3      | Found Wovur's Weapon Shoppe.
  3000 | D:3      | Found Atilo's Magic Scroll Boutique.
  3007 | D:3      | Bought a scroll of blinking for 82 gold pieces
  3104 | D:3      | Found Gejece's Assorted Antiques.
  3236 | D:4      | Reached XP level 4. HP: 38/38 MP: 3/3
  3238 | D:4      | Reached skill level 1 in Invocations
  3249 | D:4      | Reached skill level 5 in Axes
  3479 | D:4      | Reached XP level 5. HP: 38/46 MP: 5/5
  3638 | D:4      | Reached * piety under Qazlal
  3899 | D:5      | Entered Level 5 of the Dungeon
  3899 | D:5      | Noticed a water moccasin
  3905 | D:5      | Killed a water moccasin
  3906 | D:5      | Reached XP level 6. HP: 53/53 MP: 5/7
  4237 | D:4      | Reached skill level 6 in Axes
  4243 | D:4      | Reached skill level 5 in Fighting
  4347 | D:4      | Found a runed translucent door.
  4349 | D:4      | Noticed Rudyous's ghost (novice MiFi)
  4661 | D:5      | Found a radiant altar of Vehumet.
  4736 | D:5      | Noticed Edmund
  4748 | D:5      | Killed Edmund
  4749 | D:5      | Reached XP level 7. HP: 44/61 MP: 8/8
  4875 | D:5      | Identified the +6 ring mail "Ynitreec" {+Inv rC- Will++}
  5176 | D:6      | Found a shimmering altar of Xom.
  5177 | D:6      | Found a shimmering altar of Xom.
  5178 | D:6      | Found a shimmering altar of Xom.
  5179 | D:6      | Found a shimmering altar of Xom.
  5180 | D:6      | Found a shimmering altar of Xom.
  5180 | D:6      | Found a shimmering altar of Xom.
  5180 | D:6      | Found a shimmering altar of Xom.
  5240 | D:6      | Found a staircase to the Ecumenical Temple.
  5248 | D:6      | Reached skill level 7 in Axes
  5606 | D:5      | Reached ** piety under Qazlal
  5730 | D:5      | Reached XP level 8. HP: 69/71 MP: 10/10
  5844 | D:5      | Reached skill level 5 in Invocations
  6016 | D:5      | Reached skill level 8 in Axes
  6825 | D:6      | Reached skill level 9 in Axes
  6825 | D:6      | Reached XP level 9. HP: 26/82 MP: 12/12
  7472 | D:7      | Reached *** piety under Qazlal
  7536 | D:7      | Noticed a green ugly thing
  7550 | D:7      | Killed a green ugly thing
  7551 | D:7      | Reached skill level 10 in Axes
  7553 | D:7      | HP: 4/84 [slime creature (10)]
  7554 | D:7      | Mangled by a slime creature

Illustrated notes

Levels and vault maps discovered:
D:1:      scummos_arrival_star, layout_basic,
          ebering_ecumenical_altar_sacrificial, minmay_misc_feat_diagonals
D:2:      layout_loops_corners, basic_altar, nicolae_figureground_sparkle
D:3:      layout_rooms, mainiacjoe_overflow_brackets, serial_shops,
          nicolae_shop_advertising_works [nicolae_subvault_shop_adworks],
          nicolae_square_shop, nicolae_shop_overgrown_old_shop, shop_statue,
          nicolae_shop_behind_doors
D:4:      layout_basic, mainiacjoe_overflow_catwalk, ebering_ghost_sewer_d,
          roderic_serpentine_path
D:5:      minmay_polygon_palace, layout_loops_corners, lemuel_crystal_altar,
          uniq_edmund
D:6:      layout_cave_pods, xom_redecorated,
          minmay_temple_entry_statues_fountains, portal_sewer_entry_f
D:7:      nzn_winding_woodlands_three_and_one
          [nzn_winding_woodlands_5x15_sawtooth,
          nzn_winding_woodlands_5x15_twine, nzn_winding_woodlands_5x15_crooked,
          nzn_winding_woodlands_center_diamonds], layout_loops_ring,
          enter_bailey_6, uniq_duvessa, uniq_pikel

Skill      XL: |  1  2  3  4  5  6  7  8  9 |
---------------+----------------------------+-----
Axes           | 4 5 6 7 9 10 | 10.0
Armour         | 1 |  1.4
Fighting       | 3 4 5 6 8 9 |  9.4
Invocations    | 1 2 3 4 6 7 |  7.3
Throwing       | |  2.0
Dodging        | |  3.6

Action                   |  1- 3 |  4- 6 |  7- 9 || total
-------------------------+-------+-------+-------++-------
Melee: War axe           |    77 |    80 |   191 ||   348
       Headbutt          |    11 |     7 |    42 ||    60
       Punch             |     1 |       |     3 ||     4
Throw: Throwing net      |       |     1 |       ||     1
  Use: Scroll            |    16 |     2 |     2 ||    20
       Potion            |       |       |     1 ||     1
 Stab: Sleeping          |     1 |       |       ||     1
Armor: Leather armour    |    31 |    11 |       ||    42
       Chain mail        |       |    17 |       ||    17
       Ring mail         |       |       |   118 ||   118
Dodge: Dodged            |    81 |    45 |   134 ||   260
Block: Other             |       |     2 |    31 ||    33
